 Dungeon Crawl Stone Soup version 0.32-a0-898-g7811c86cf0 (webtiles) character file.

Game seed: 9984474196205135426

8500 Biggs the Skirmisher (level 11, 0/79 HPs)
             Began as a Coglin Hunter on Apr 5, 2024.
             Slain by Urug
             ... wielding a +7 broad axe
              (15 damage)
             ... on level 10 of the Dungeon.
             The game lasted 00:15:04 (10183 turns).

Biggs the Skirmisher (Coglin Hunter)               Turns: 10183, Time: 00:15:05

Health: 0/79       AC:  7    Str: 12    XL:     11   Next: 31%
Magic:  11/11      EV: 17    Int:  8    God:
Gold:   453        SH:  0    Dex: 22    Spells: 10/10 levels left

rFire   . . .        a - +2 sling {Heine}
rCold   . . .        d - +0 sling {Walburga}
rNeg    . . .        E - +0 steam dragon scales
rPois   .            (no helmet)
rElec   .            u - +0 cloak
rCorr   .            e - +0 pair of gloves
SInv    .            (no boots)
Will    .....        (amulet unavailable)
Stlth   ++           (ring unavailable)
HPRegen 0.33/turn    (ring unavailable)
MPRegen 0.12/turn    (no gizmo)

%: no passive effects
@: revved
A: off-hand wielding, slow wielding, warmup strikes, no jewellery
a: Invent Gizmo


You were on level 10 of the Dungeon.
You visited 2 branches of the dungeon, and saw 11 of its levels.

You collected 453 gold pieces.

Inventory:

Hand Weapons
 a - a +2 sling (weapon) {Heine}
 d - a +0 sling (offhand) {Walburga}
Missiles
 B - a throwing net
Armour
 c - a +0 leather armour
 e - a +0 pair of gloves (worn)
 u - a +0 cloak (worn)
 x - +0 acid dragon scales
 E - +0 steam dragon scales (worn)
Wands
 q - a wand of flame (12)
 D - a wand of paralysis (7)
Scrolls
 b - a scroll of poison {unknown}
 f - 3 scrolls of revelation {unknown}
 g - 4 scrolls of fog {unknown}
 j - 4 scrolls of teleportation {unknown}
 m - 2 scrolls of silence {unknown}
 n - 5 scrolls of identify {unknown}
 t - a scroll of blinking {unknown}
 v - a scroll of noise {unknown}
 y - a scroll of enchant weapon {unknown}
 A - a scroll of enchant armour {unknown}
 C - a scroll of immolation {unknown}
 F - a scroll of amnesia {unknown}
Potions
 h - a potion of might {unknown}
 i - a potion of degeneration {unknown}
 k - 2 potions of curing
 l - 2 potions of ambrosia {unknown}
 o - 2 potions of haste {unknown}
 p - 3 potions of magic {unknown}
 r - 2 potions of mutation {unknown}
 s - 2 potions of attraction {unknown}
 w - a potion of lignification {unknown}
 z - a potion of enlightenment {unknown}
 G - a potion of resistance {unknown}


   Skills:
 - Level 5.0 Fighting
 + Level 13.8 Ranged Weapons
 - Level 7.6 Dodging
 - Level 0.7 Stealth


You had 10 spell levels left.
You didn't know any spells.
Your spell library contained the following spells:

 Spells                   Type           Power      Damage    Failure   Level
 Magic Dart               Conj           0%         1d3       41%         1
 Blink                    Tloc           0%         N/A       54%         2
 Call Imp                 Summ           0%         N/A       54%         2


Dungeon Overview and Level Annotations

Branches:
Dungeon (10/15)            Temple (1/1) D:5
   Lair: D:8-11         Orc: D:9-12

Altars:
Ashenzari
Elyvilon
Fedhas
Gozag
Hepliaklqana
Kikubaaqudgha
Makhleb
Nemelex Xobeh
Qazlal
Ru
Trog
Uskayaw
Vehumet
Wu Jian
Xom
Yredelemnul
Zin
The Shining One

Annotations:
D:4 3 runed translucent doors, swap's ghost, weakling KoDe
D:10 Urug


Innate Abilities, Weirdness & Mutations

You can wield a second weapon in your off-hand.
It takes a long time for you to wield or remove held weapons.
Your first few attacks do less damage.
You cannot equip rings or amulets.


Message History

You shoot a sling bullet.
The sling bullet hits Urug but does no damage.
Urug is heavily wounded.
Urug hits you with a +7 broad axe.
Unknown command.
You shoot a sling bullet. The sling bullet hits Urug.
Urug is heavily wounded.
You shoot a sling bullet. The sling bullet barely misses Urug.
Urug hits you with a +7 broad axe!!
Unknown command.
You shoot a sling bullet. The sling bullet closely misses Urug.
You shoot a sling bullet. The sling bullet hits Urug!
Urug is severely wounded.
Unknown command.
You shoot a sling bullet. The sling bullet hits Urug.
Urug is severely wounded.
You shoot a sling bullet.
The sling bullet hits Urug but does no damage.
Urug is severely wounded.
Urug hits you with a +7 broad axe!
You are too injured to fight recklessly!
Unknown command.
You are too injured to fight recklessly!
Unknown command.
You shoot a sling bullet. The sling bullet closely misses Urug.
You shoot a sling bullet. The sling bullet hits Urug.
Urug is severely wounded.
Urug hits you with a +7 broad axe!!
* * * LOW HITPOINT WARNING * * *
You shoot a sling bullet. The sling bullet hits Urug.
Urug is severely wounded.
You shoot a sling bullet. The sling bullet closely misses Urug.
Unknown command.
You shoot a sling bullet.
The sling bullet completely misses Urug.
You shoot a sling bullet. The sling bullet hits Urug.
Urug is almost dead.
Urug hits you with a +7 broad axe!
You die...
Urug screams, "Revenge at last!"

.................. #...
##......##.#####.. #...#
####...##..# ..# #...# ##
##..###.## #..## #...##..
#..##...## #..## ##.......
####.....## ##[..###........
#.......###....)#....†....
#....._...........))..(.<...
#.#.......#@.......#.....###
#.##.....##o.###....#....# #
##...##.####.....##.[##
##.##.# #>....##.## #. ..
##.....#### ###. #.<.....##
## #.........# .........##
.........#


You could see Urug.

Vanquished Creatures
  2 slime creatures (D:9)
  Maurice (D:9)
  Psyche (D:8)
  A troll (D:10)
  A vampire (D:10)
  A wyvern (D:7)
  Eustachio (D:4)
  16 yaks
  A steam dragon (D:9)
  Edmund (D:5)
  An acid dragon (D:6)
  A water moccasin (D:7)
  3 black bears
  An ice beast (D:5)
  3 orc warriors
  4 ogres
  2 centaurs
  A weeping skull (D:5)
  3 kobold brigands
  2 phantoms (D:7)
  2 bullfrogs
  A gnoll sergeant (D:8)
  4 scorpions
  6 wights
  12 killer bees
  5 howler monkeys
  2 centaur zombies (D:5)
  4 hounds
  A human zombie (D:5)
  A bombardier beetle (D:3)
  3 jellies
  2 orc priests (D:7)
  Crazy Yiuf (D:7)
  Terence (D:2)
  5 orc wizards
  4 iguanas
  2 scorpion zombies (D:5)
  A killer bee zombie (D:5)
  A hound zombie (D:5)
  2 mummies (D:5)
  A howler monkey zombie (D:5)
  12 adders
  3 gnolls (D:8)
  A shadow imp (D:7)
  A white imp (D:5)
  4 ufetubi
  A ribbon worm (D:2)
  4 dart slugs
  19 orcs
  6 endoplasms
  3 giant cockroaches
  3 goblins
  5 hobgoblins
  3 jackals (D:1)
  16 kobolds
  4 quokkas
  9 ball pythons
  4 bats
  3 frilled lizards
  5 rats
214 creatures vanquished.

Notes
Turn   | Place    | Note
-------+----------+-------------------------------------------
     0 | D:1      | Biggs the Coglin Hunter began the quest for the Orb.
     0 | D:1      | Reached XP level 1. HP: 16/16 MP: 1/1
    80 | D:1      | Reached skill level 4 in Ranged Weapons
    80 | D:1      | Reached XP level 2. HP: 22/22 MP: 2/2
   456 | D:1      | Found a faded altar of an unknown god.
   521 | D:1      | Reached XP level 3. HP: 27/27 MP: 3/3
  1078 | D:2      | Reached skill level 5 in Ranged Weapons
  1080 | D:2      | Reached XP level 4. HP: 33/33 MP: 4/4
  1189 | D:2      | Identified the +10 dagger "Alefyre" {flame, rF+}
  1334 | D:2      | Noticed Terence
  1343 | D:2      | Killed Terence
  1489 | D:3      | Reached XP level 5. HP: 30/38 MP: 5/5
  1718 | D:3      | Reached skill level 6 in Ranged Weapons
  1898 | D:3      | Found a white marble altar of Elyvilon.
  2104 | D:3      | Identified the +3 long sword of Benotwal {freeze, rPois}
  2243 | D:4      | Reached XP level 6. HP: 38/44 MP: 6/6
  2331 | D:4      | Identified the +3 scale mail of Glamorous Leaves {Int+3}
  2390 | D:4      | Reached skill level 7 in Ranged Weapons
  2396 | D:4      | Found a hazy altar of Hepliaklqana.
  2401 | D:4      | Noticed Eustachio
  2419 | D:4      | Killed Eustachio
  2420 | D:4      | Reached XP level 7. HP: 6/50 MP: 7/7
  2659 | D:4      | Found a glowing golden altar of the Shining One.
  2719 | D:4      | Identified the +11 mace "Xoshrusha" {antimagic, Str+5}
  2827 | D:4      | Found a runed translucent gate.
  2827 | D:4      | Found a runed translucent gate.
  2827 | D:4      | Found a runed translucent gate.
  2838 | D:4      | Noticed swap's ghost (weakling KoDe)
  2898 | D:4      | Reached skill level 8 in Ranged Weapons
  3173 | D:5      | Entered Level 5 of the Dungeon
  3179 | D:5      | Reached XP level 8. HP: 56/56 MP: 8/8
  3193 | D:5      | Reached skill level 9 in Ranged Weapons
  3205 | D:5      | Found a staircase to the Ecumenical Temple.
  3237 | Temple   | Entered the Ecumenical Temple
  3654 | D:5      | Found a basalt altar of Yredelemnul.
  3667 | D:5      | Reached skill level 5 in Fighting
  3972 | D:5      | Identified the +2 dagger of the Land of Plenty {flame, rC+
                  | Int+4}
  4102 | D:5      | Reached XP level 9. HP: 68/68 MP: 9/9
  4204 | D:5      | Noticed Edmund
  4216 | D:5      | Killed Edmund
  4217 | D:5      | Reached skill level 5 in Dodging
  5951 | D:7      | Found a broken altar of Ashenzari.
  5955 | D:7      | Saw a vision of the Shoals and the Snake Pit.
  5955 | D:7      | Noticed a naga warrior
  5955 | D:7      | Noticed a salamander
  5955 | D:7      | Noticed a naga mage
  5955 | D:7      | Noticed a naga sharpshooter
  5955 | D:7      | Noticed a black mamba
  5955 | D:7      | Noticed a water nymph
  5955 | D:7      | Noticed a water nymph
  5955 | D:7      | Noticed a sea snake
  5955 | D:7      | Noticed a manticore
  5955 | D:7      | Noticed a sea snake
  5955 | D:7      | Noticed a merfolk
  5957 | D:7      | Noticed a wind drake
  6053 | D:7      | Found a burning altar of Makhleb.
  6490 | D:7      | Reached skill level 10 in Ranged Weapons
  6490 | D:7      | Reached XP level 10. HP: 74/74 MP: 10/10
  6945 | D:7      | Identified the +4 hammer "Qaeck" {freeze, rPois rF+ rN+}
  6951 | D:7      | Found a runed translucent door.
  6952 | D:7      | Noticed Crazy Yiuf
  6960 | D:7      | Killed Crazy Yiuf
  7107 | D:8      | Found a blossoming altar of Fedhas.
  7120 | D:8      | Noticed Psyche
  7132 | D:8      | Reached skill level 11 in Ranged Weapons
  7271 | D:8      | Killed Psyche
  7941 | D:9      | Reached skill level 12 in Ranged Weapons
  8224 | D:9      | Noticed Maurice
  8226 | D:9      | Paralysed by Maurice for 4 turns
  8238 | D:9      | Paralysed by something for 3 turns
  8241 | D:9      | Something stole a throwing net
  8246 | D:9      | Something stole 404 gold
  8247 | D:9      | Paralysed by something for 2 turns
  8264 | D:9      | Killed Maurice
  8419 | D:9      | Reached XP level 11. HP: 79/79 MP: 11/11
  8432 | D:9      | Reached skill level 13 in Ranged Weapons
  9509 | D:10     | Entered Level 10 of the Dungeon
 10156 | D:10     | Found a radiant altar of Vehumet.
 10166 | D:10     | Noticed Urug
 10183 | D:10     | Slain by Urug

Illustrated notes

Levels and vault maps discovered:
D:1:      roderic_crossed_star, layout_basic,
          shapermc_ecumenical_altar_mp_ritualfount
D:2:      layout_loops_ring, uniq_terence
D:3:      layout_basic, nicolae_elyvilon_peaceful_grove
D:4:      layout_basic, nicolae_hepliaklqana_hazy_memory,
          mainiacjoe_overflow_concentric_impassable, gammafunk_ghost_necromancy,
          uniq_eustachio
D:5:      layout_basic, lemuel_mausoleum_altar_yredelemnul,
          minmay_temple_entry_antechambers, enter_ossuary_5,
          chequers_serial_rivers_small_3, grunt_decor_one_mirror, uniq_edmund
D:6:      layout_basic
D:7:      nicolae_cairo_tiling_large, layout_basic, grunt_ashenzari_visionary
          [grunt_ashenzari_visionary_shoals, grunt_ashenzari_visionary_snake],
          mainiacjoe_overflow_24_doors, uniq_crazy_yiuf_cottage
D:8:      layout_cave_pools, lemuel_tele_altar, uniq_psyche
D:9:      layout_layer_cave, nicolae_titane, uniq_maurice
D:10:     layout_layer_cave, lemuel_round_altar,
          chequers_temple_overflow_minitemple,
          kennysheep_orc_monster_closet_entryway, kennysheep_generic_room_8,
          uniq_snorg, uniq_urug
Temple:   jpeg_temple_alley_garden

Skill      XL: |  1  2  3  4  5  6  7  8  9 10 11 |
---------------+----------------------------------+-----
Ranged Weapons | 4 5 6 7 8 9 10 12 13 | 13.8
Fighting       | 5 |  5.0
Dodging        | 4 7 |  7.6
Stealth        | |  0.7

Action                     |  1- 3 |  4- 6 |  7- 9 | 10-12 || total
---------------------------+-------+-------+-------+-------++-------
   Fire: Sling             |   150 |   212 |   708 |   790 ||  1860
    Use: Potion            |       |       |     1 |     1 ||     2
         Scroll            |       |       |       |     1 ||     1
 Armour: Leather armour    |    13 |    24 |    74 |       ||   111
         Acid dragon scale |       |       |    26 |    98 ||   124
         Steam dragon scal |       |       |       |    46 ||    46
  Dodge: Dodged            |    16 |    28 |   122 |   169 ||   335

Table legend: (Time is in decaauts)
 A = Elapsed time spent in this place.
 B = Non-inter-level travel time spent in this place.
 C = Inter-level travel time spent in this place.
 D = Time resting spent in this place.
 E = Time spent auto-exploring this place.
 F = Levels seen in this place.
 G = Mean time per level.
                   A        B        C        D        E       F      G
               +--------+--------+--------+--------+--------+-----+--------+
         Total |  10150 |   9755 |    395 |    689 |   7504 |  11 |  922.7 |
       Dungeon |  10148 |   9753 |    395 |    689 |   7504 |  10 | 1014.8 |
        Temple |      1 |      1 |      0 |      0 |      0 |   1 |    1.0 |
               +--------+--------+--------+--------+--------+-----+--------+

Top non-repeatable levels by time:
     D:9: 1694 daAuts
     D:5: 1418 daAuts
     D:6: 1247 daAuts
     D:7: 1195 daAuts
     D:4: 946 daAuts
     D:1: 830 daAuts
     D:8: 775 daAuts
     D:3: 755 daAuts
     D:2: 673 daAuts
    D:10: 611 daAuts
  Temple: 1 daAuts
